 Dungeon Crawl Stone Soup version 0.17.0-22-g5edae84 (webtiles) character file.

341 Ordine the Magician (level 6, -2/32 HPs)
             Began as a Deep Elf Wizard on Nov 13, 2015.
             Slain by Burgietje's ghost (6 damage)
             ... on level 4 of the Dungeon.
             The game lasted 00:20:06 (5956 turns).

Ordine the Magician (Deep Elf Wizard)               Turns: 5956, Time: 00:20:07

Health: -2/32      AC:  4    Str: 11      XL:     6   Next: 30%
Magic:  1/17       EV: 12    Int: 21 (25) God:
Gold:   260        SH:  0    Dex: 13      Spells: 7 memorised, 2 levels left

rFire  . . .     SeeInvis .     k - +1 dagger
rCold  . . .     Clarity  .     q - +2 robe {Archmagi}
rNeg   . . .     SustAt   .     (no shield)
rPois  .         Gourm    .     b - +0 hat
rElec  .         Spirit   .     (no cloak)
rCorr  .         Warding  .     (no gloves)
rMut   .         Stasis   .     (no boots)
MR     .....                    (no amulet)
Stlth  +++.......               j - ring of stealth
                                n - +5 ring of strength

@: repel missiles, not resistant to hostile enchantments, fairly stealthy
A: strong 1
a: no special abilities


You were on level 4 of the Dungeon.
You were not hungry.

You visited 1 branch of the dungeon, and saw 4 of its levels.

You collected 260 gold pieces.

Inventory:

Hand Weapons
 k - a +1 dagger (weapon)
Armour
 b - a +0 hat (worn)
 q - a +2 robe of the Archmagi (worn)
Jewellery
 h - an uncursed ring of sustain attributes
 j - a ring of stealth (right hand)
 n - a +5 ring of strength (left hand)
Scrolls
 g - 2 scrolls of magic mapping
 o - a scroll of identify
Potions
 e - a potion of haste
 i - a potion of magic
Books
 c - a book of Minor Magic

   Spells                             Type                      Level
   a - Magic Dart                     Conjuration                  1
   b - Blink                          Translocation                2
   c - Call Imp                       Summoning                    2
   d - Repel Missiles                 Charms/Air                   2
   e - Slow                           Hexes                        2
   f - Conjure Flame                  Conjuration/Fire             3
   g - Mephitic Cloud                 Conjuration/Poison/Air       3
Comestibles
 d - 4 bread rations
 f - a beef jerky


   Skills:
 - Level 2.4 Dodging
 - Level 2.4 Stealth
 * Level 6.4 Spellcasting
 + Level 4.3 Conjurations
 + Level 2.3 Charms
 - Level 1.1 Summonings
 + Level 1.8 Translocations
 + Level 1.8 Fire Magic
 + Level 1.4 Air Magic


You had 2 spell levels left.
You knew the following spells:

 Your Spells              Type           Power        Failure   Level  Hunger
a - Magic Dart            Conj           ####         1%          1    None
b - Blink                 Tloc           N/A          10%         2    None
c - Conjure Flame         Conj/Fire      ####....     10%         3    #......
d - Mephitic Cloud        Conj/Pois/Air  ###.....     14%         3    #......
e - Repel Missiles        Chrm/Air       ###...       10%         2    None
f - Call Imp              Summ           ###.....     12%         2    None
g - Slow                  Hex            ##......     14%         2    None


Dungeon Overview and Level Annotations

Branches:
Dungeon (4/15)
 Temple: D:4-7

Altars:
Gozag

Annotations:
D:4 Burgietje's ghost, novice MiFi; Edmund


Innate Abilities, Weirdness & Mutations

Your muscles are strong. (Str +2)


Message History

Burgietje's ghost is lightly damaged.
Burgietje's ghost is engulfed in roaring flames.
Burgietje's ghost hits you.
Casting: Magic Dart
Confirm with . or Enter, or press ? or * to list all spells.
Aiming: Magic Dart
Press: ? - help, Shift-Dir - straight line, f/p - Burgietje's ghost
Aim: Burgietje's ghost (flame, lightly damaged)
You feel a surge of power!
The magic dart hits Burgietje's ghost.
Burgietje's ghost is lightly damaged.
Burgietje's ghost is engulfed in roaring flames.
Burgietje's ghost hits you!
* * * LOW HITPOINT WARNING * * *
Casting: Magic Dart
Confirm with . or Enter, or press ? or * to list all spells.
You feel a surge of power!
You blink.
Burgietje's ghost is engulfed in roaring flames.
Burgietje's ghost takes a fighting stance.
Burgietje's ghost hits you.
You die...

...# ..# #.# #..##.#####
.... #####........# ....
##...####.###.# ... #
#.....###§# #.##.# .#
#......##W###....#
##.#..
##......@..#....###....
####...<........#..###..
#####....%..<........
###.....#W.####.#
#...$.##§#
#####....?##.......
#.<......###.%.....
#....W...# #.......
#...<....# #......o


You could see Burgietje's ghost.

Vanquished Creatures
  A phantom (D:4)
  Ijyb (D:3)
  An orc priest (D:3)
  Jessica (D:3)
  2 worker ants (D:3)
  3 adders (D:3)
  3 oozes
  3 worms (D:2)
  A giant gecko (D:2)
  4 orcs (D:3)
  A ball python (D:3)
  6 giant cockroaches
  9 goblins
  7 hobgoblins
  6 jackals
  6 kobolds
  3 quokkas (D:3)
  12 bats
  6 giant newts
  4 rats
  A fungus (D:1)
81 creatures vanquished.

Notes
Turn   | Place    | Note
--------------------------------------------------------------
     0 | D:1      | Ordine the Deep Elf Wizard began the quest for the Orb.
     0 | D:1      | Reached XP level 1. HP: 10/10 MP: 7/7
   498 | D:1      | Reached XP level 2. HP: 15/15 MP: 0/9
   584 | D:1      | Learned a level 2 spell: Blink
  1183 | D:1      | Reached XP level 3. HP: 17/19 MP: 3/11
  1646 | D:2      | Learned a level 3 spell: Conjure Flame
  1650 | D:2      | Learned a level 3 spell: Mephitic Cloud
  1653 | D:2      | Learned a level 2 spell: Repel Missiles
  1726 | D:2      | Reached skill level 5 in Spellcasting
  2389 | D:2      | Found an opulent altar of Gozag.
  2593 | D:3      | Reached XP level 4. HP: 24/24 MP: 9/13
  2743 | D:3      | Gained mutation: Your muscles are strong. (Str +2) [potion of beneficial mutation]
  2801 | D:3      | Noticed Jessica
  2807 | D:3      | Killed Jessica
  2811 | D:3      | Noticed Ijyb
  2967 | D:3      | Killed Ijyb
  2967 | D:3      | Reached skill level 1 in Charms
  3264 | D:3      | Reached skill level 1 in Fire Magic
  3264 | D:3      | Reached XP level 5. HP: 28/28 MP: 9/15
  3807 | D:4      | Noticed a phantom
  3815 | D:4      | Killed a phantom
  3815 | D:4      | Reached skill level 6 in Spellcasting
  3815 | D:4      | Reached skill level 1 in Air Magic
  3818 | D:4      | Noticed Burgietje's ghost (novice MiFi)
  3937 | D:3      | Reached XP level 6. HP: 20/32 MP: 5/17
  4630 | D:3      | Learned a level 2 spell: Call Imp
  5131 | D:4      | Noticed Edmund
  5459 | D:3      | Learned a level 2 spell: Slow
  5956 | D:4      | Slain by Burgietje's ghost

Action                   |  1- 3 |  4- 6 || total
-------------------------+-------+-------++-------
Melee: Dagger            |    32 |     1 ||    33
 Cast: Magic Dart        |   114 |   127 ||   241
       Conjure Flame     |     2 |     3 ||     5
       Repel Missiles    |     1 |     1 ||     2
       Mephitic Cloud    |       |     3 ||     3
       Call Imp          |       |    12 ||    12
       Blink             |       |    11 ||    11
       Slow              |       |     2 ||     2
  Use: Scroll            |     8 |     9 ||    17
       Potion            |       |     4 ||     4
  Eat: Chunk             |     5 |    10 ||    15
